 Dungeon Sprint DCSS version 0.30-a0-305-g026cb31310 (webtiles) character file.

Game seed: 3585660825728009147

5464 Iusername the Peltast (level 10, -8/145 HPs)
             Began as a Minotaur Fighter on Oct 21, 2022.
             Was a High Priest of Trog.
             Killed by divine providence
             ... invoked by a royal mummy
              (10 damage)
             ... in the Dungeon (Sprint V: "Ziggurat Sprint").
             The game lasted 00:06:00 (915 turns).

Iusername the Peltast (Minotaur Fighter)             Turns: 915, Time: 00:06:00

Health: -8/145     AC: 37    Str: 38    XL:     10   Next: 41%
Magic:  9/9        EV:  3    Int:  5    God:    Trog [*****.]
Gold:   0          SH: 31    Dex:  9    Spells: 9/9 levels left

rFire   + . .      SeeInvis .    F - +8 lance "Wyrmbane" {slay drac, rPois rF+ rC+ AC+3}
rCold   + . .      Faith    .    D - +18 shield of the Gong {rElec rN+ Will+ EV-5}
rNeg    + . .      Spirit   .    C - +15 Maxwell's patent armour {-Cast -Tele rElec Will+ rCorr}
rPois   +          Reflect  .    (helmet restricted)
rElec   +          Harm     .    (no cloak)
rCorr   +          Rampage  .    (no gloves)
Will    ++++.      NoTele   +    E - +2 pair of boots {Fly}
Stlth   .......... NoCast   +    c - amulet of the acrobat
HPRegen 1.44/turn                y - +6 ring of strength
MPRegen 0.11/turn                x - +6 ring of strength

@: berserking (expiring), lethally poisoned (-8 -> -25), strong-willed, flying,
regenerating, slowed
A: horns 2, retaliatory headbutt
a: Renounce Religion, Berserk, Trog's Hand, Brothers in Arms


You were in the Dungeon.
You worshipped Trog.
Trog was extremely pleased with you.
You visited 1 branch

Inventory:

Hand Weapons
 F - the +8 lance "Wyrmbane" (weapon) {slay drac, rPois rF+ rC+ AC+3}
   (You found it in the Dungeon)

   It inflicts extra damage against dragons and draconians.
   AC:        It affects your AC (+3).
   rF:        It protects you from fire.
   rC:        It protects you from cold.
   rPois:     It protects you from poison.
Armour
 C - the +15 Maxwell's patent armour (worn) {-Cast -Tele rElec Will+ rCorr}
   (You found it in the Dungeon)

   rElec:     It insulates you from electricity.
   -Cast:     It prevents spellcasting.
   -Tele:     It prevents most forms of teleportation.
   rCorr:     It protects you from acid and corrosion.
   Will:      It increases your willpower.
 D - the +18 shield of the Gong (worn) {rElec rN+ Will+ EV-5}
   (You found it in the Dungeon)

   It is deafeningly noisy when blocking attacks.
   EV:        It affects your evasion (-5).
   rElec:     It insulates you from electricity.
   rN:        It protects you from negative energy.
   Will:      It increases your willpower.
 E - a +2 pair of boots of flying (worn)
Jewellery
 c - an amulet of the acrobat (around neck)
 n - a ring of magical power
 x - a +6 ring of strength (right hand)
 y - a +6 ring of strength (left hand)
Wands
 z - a wand of mindburst (7)
 A - a wand of light (7)
Scrolls
 b - 4 scrolls of enchant weapon
 j - 4 scrolls of blinking
 o - 4 scrolls of amnesia
 p - 7 scrolls of butterflies
 q - 5 scrolls of identify
 r - 2 scrolls of fear
 s - a scroll of brand weapon
Potions
 d - 6 potions of might
 e - 10 potions of curing
 f - 10 potions of heal wounds
 g - 6 potions of haste
 h - 7 potions of magic
 i - 2 potions of berserk rage
 k - 2 potions of brilliance
 l - 2 potions of invisibility
 m - 4 potions of resistance
Miscellaneous
 a - a piece from Xom's chessboard (15/15)
 B - a lightning rod (1/4) (quivered)
 G - a tin of tremorstones (2/2)


   Skills:
 + Level 12.0 Fighting
 + Level 6.8(11.4) Axes
 + Level 14.2(14.8) Polearms
 + Level 13.4 Armour
 + Level 1.3 Dodging
 + Level 18.0 Shields
 + Level 4.0 Evocations


You had 9 spell levels left.
You didn't know any spells.
Your spell library was empty.

Dungeon Overview and Level Annotations

Branches:
Dungeon (1/1)

Altars:
Ashenzari
Cheibriados
Dithmenos
Elyvilon
Fedhas
Gozag
Hepliaklqana
Kikubaaqudgha
Makhleb
Nemelex Xobeh
Okawaru
Qazlal
Ru
Sif Muna
Trog
Uskayaw
Vehumet
Wu Jian
Xom
Yredelemnul
Zin
The Shining One
Jiyva
Lugonu


Innate Abilities, Weirdness & Mutations

You have a pair of horns on your head.
You reflexively headbutt those who attack you in melee.


Message History

You barely miss the death scarab. You headbutt the death scarab!
The death scarab is severely damaged.
* * * LOW HITPOINT WARNING * * *
You feel very sick.
The death scarab bites you but does no damage.
You block the death scarab's attack.
GONNNNG!
The death scarab bites you but does no damage.
You block the death scarab's attack.
PTOANNNG!
You block the death scarab's attack.
BONNNG!
You puncture the death scarab!
The death scarab is almost destroyed.
* * * LOW HITPOINT WARNING * * *
You feel very sick.
The death scarab disappears in a puff of smoke!
You block the death scarab's attack.
GONNNNG!
You block the emperor scorpion's attack.
PTOANNNG!
You block the emperor scorpion's attack.
GONNNNG!
The emperor scorpion claws you but does no damage.
The death scarab bites you but does no damage.
The death scarab barely misses you. You block the death scarab's attack.
PTOANNNG!
The ushabti shakes and rattles deafeningly!
You puncture the death scarab!
You destroy the death scarab!
The death scarab's corpse disappears in a puff of smoke!
* * * LOW HITPOINT WARNING * * *
You feel very sick. You block the death scarab's attack.
SHROANNG!
You block the death scarab's attack.
PANG!
The royal mummy points at you and mumbles some strange words.
Something smites you!
You die...

▓..?:)..▓
▓..)))..▓
▓.......▓
▓.......▓
▓..§s9..▓


.MMMss. ▓s▓sBs▓.▓ ▓sM§@BBB▓ ▓▓▓▓▓▓▓▓▓ You could see 2 royal mummies, 7 emperor
scorpions, 2 guardian mummies, an ushabti (catching breath) and 4 death scarabs.

Vanquished Creatures
  A vault warden (D)
  A very ugly thing (D)
  A great orb of eyes (D)
  A wizard (D)
  3 ugly things (D)
  A vault sentinel (D)
  2 tarantellas (D)
  A slime creature (D)
  A flying skull (D)
  An acid dragon (shapeshifter) (D)
  A black bear (shapeshifter) (D)
  3 phantoms (D)
  A necrophage (D)
  A scorpion (D)
  A wight (D)
  A crimson imp (D)
  An iron imp (D)
  An ufetubus (D)
  A ball python zombie (D)
  A lurking horror (D)
25 creatures vanquished.

Notes
Turn   | Place    | Note
-------+----------+-------------------------------------------
     0 | D        | Iusername the Minotaur Fighter began the quest for the Orb.
     0 | D        | Reached XP level 1. HP: 19/19 MP: 0/0
     2 | D        | Found a blossoming altar of Fedhas.
     2 | D        | Found the +6 Majin-Bo {vamp, MP+6 Int+6}
     2 | D        | Found the +9 heavy crossbow "Sniper" {vorpal, Acc+∞ SInv}
     2 | D        | Found the +10 dark maul {vorpal}
     2 | D        | Found the +15 Maxwell's patent armour {-Cast -Tele rElec
                  | Will+ rCorr}
     2 | D        | Found the +18 shield of the Gong {rElec rN+ Will+ EV-5}
     2 | D        | Found the +14 obsidian axe {vorpal, Mesm Drain Fly SInv}
     2 | D        | Found the +7 great mace "Firestarter" {inner flame, rF++}
     2 | D        | Found the +6 shillelagh "Devastator" {shatter}
     2 | D        | Found the +11 plutonium sword {Contam Stlth-}
     2 | D        | Found the +8 lance "Wyrmbane" {slay drac, rPois rF+ rC+
                  | AC+3}
     2 | D        | Found the +9 sword of Zonguldrok {reap}
     2 | D        | Found the +13 scythe of Curses {drain, Drain}
     2 | D        | Found the +5 sword of Power {vorpal}
     2 | D        | Found the +7 mace of Variability {chain chaos}
     2 | D        | Found the +7 Singing Sword {vorpal, sonic wave}
     2 | D        | Found the +8 storm bow {elec, penet}
     3 | D        | Found a shimmering blue altar of Sif Muna.
     3 | D        | Found a sacrificial altar of Ru.
     3 | D        | Found a bloodstained altar of Trog.
     3 | D        | Found a stormy altar of Qazlal.
     3 | D        | Found an iron altar of Okawaru.
     3 | D        | Found a sparkling altar of Nemelex Xobeh.
     5 | D        | Found a transporter.
     5 | D        | Found an ancient bone altar of Kikubaaqudgha.
     5 | D        | Found a viscous altar of Jiyva.
     5 | D        | Found a corrupted altar of Lugonu.
     5 | D        | Found a hazy altar of Hepliaklqana.
     5 | D        | Found a burning altar of Makhleb.
     5 | D        | Found an opulent altar of Gozag.
    54 | D        | Reached skill level 5 in Fighting
    54 | D        | Reached skill level 5 in Armour
    54 | D        | Reached skill level 5 in Shields
    54 | D        | Reached XP level 2. HP: 29/29 MP: 1/1
    92 | D        | Became a worshipper of Trog the Wrathful
   113 | D        | Entered arena 2.
   113 | D        | Noticed a phantom
   113 | D        | Noticed a phantom
   113 | D        | Found a transporter.
   118 | D        | Killed a phantom
   119 | D        | Reached skill level 5 in Axes
   119 | D        | Reached skill level 7 in Shields
   119 | D        | Reached XP level 3. HP: 38/38 MP: 2/2
   119 | D        | Reached XP level 4. HP: 45/45 MP: 3/3
   122 | D        | Killed a phantom
   123 | D        | Reached skill level 8 in Shields
   123 | D        | Reached XP level 5. HP: 52/52 MP: 4/4
   126 | D        | Entered arena 3.
   126 | D        | Noticed a tarantella
   126 | D        | Noticed a tarantella
   126 | D        | Found a transporter.
   128 | D        | Reached * piety under Trog
   131 | D        | Killed a tarantella
   132 | D        | Reached skill level 5 in Polearms
   132 | D        | Reached skill level 10 in Shields
   132 | D        | Reached XP level 6. HP: 62/63 MP: 5/5
   141 | D        | Killed a tarantella
   142 | D        | Reached skill level 10 in Armour
   142 | D        | Reached skill level 11 in Shields
   142 | D        | Reached XP level 7. HP: 70/70 MP: 6/6
   147 | D        | Entered arena 4.
   147 | D        | Found a transporter.
   151 | D        | Reached ** piety under Trog
   160 | D        | Reached skill level 10 in Fighting
   168 | D        | Entered arena 5.
   168 | D        | Found a transporter.
   172 | D        | Reached *** piety under Trog
   175 | D        | Reached skill level 12 in Shields
   376 | D        | Entered arena 6.
   376 | D        | Noticed a white ugly thing
   376 | D        | Noticed a golden eye
   376 | D        | Noticed a brown ugly thing
   376 | D        | Noticed a brown ugly thing
   376 | D        | Noticed a steam dragon
   376 | D        | Found a transporter.
   378 | D        | a golden eye changed into a naga
   388 | D        | Killed a white ugly thing
   388 | D        | Reached **** piety under Trog
   389 | D        | Reached skill level 1 in Evocations
   389 | D        | Reached XP level 8. HP: 55/80 MP: 7/7
   393 | D        | Killed a green ugly thing
   394 | D        | Reached skill level 13 in Shields
   399 | D        | Killed a white ugly thing
   400 | D        | Reached skill level 10 in Polearms
   400 | D        | Reached skill level 14 in Shields
   400 | D        | Reached XP level 9. HP: 86/86 MP: 8/8
   449 | D        | Entered arena 7.
   449 | D        | Noticed a great orb of eyes
   449 | D        | Noticed a vault sentinel
   449 | D        | Noticed a wizard
   449 | D        | Noticed a vault warden
   449 | D        | Noticed a cyan very ugly thing
   465 | D        | Killed a vault warden
   465 | D        | Reached ***** piety under Trog
   466 | D        | Reached skill level 15 in Shields
   475 | D        | Killed a cyan very ugly thing
   476 | D        | Reached skill level 1 in Dodging
   476 | D        | Reached skill level 16 in Shields
   476 | D        | Killed a wizard
   477 | D        | Reached skill level 17 in Shields
   477 | D        | Reached XP level 10. HP: 52/96 MP: 9/9
   480 | D        | Killed a great orb of eyes
   483 | D        | Found a transporter.
   488 | D        | Killed a vault sentinel
   894 | D        | Entered arena 8.
   894 | D        | Noticed a royal mummy
   894 | D        | Noticed a royal mummy
   896 | D        | Noticed a death scarab
   897 | D        | Noticed a death scarab
   897 | D        | Noticed a death scarab
   897 | D        | Noticed a death scarab
   897 | D        | Noticed a death scarab
   897 | D        | Noticed a death scarab
   898 | D        | Noticed an emperor scorpion
   898 | D        | Noticed an emperor scorpion
   898 | D        | Noticed an emperor scorpion
   898 | D        | Noticed an emperor scorpion
   903 | D        | Reached skill level 18 in Shields
   904 | D        | Noticed an emperor scorpion
   909 | D        | Noticed a death scarab
   909 | D        | Noticed a death scarab
   911 | D        | Noticed an emperor scorpion
   911 | D        | Noticed an emperor scorpion
   914 | D        | HP: 4/145 [poisoned by an emperor scorpion]
   915 | D        | Killed from afar by a royal mummy

Illustrated notes

Levels and vault maps discovered:
D:        sprint_v [room_start, room_1, room_2, room_3, room_4, room_5, room_6,
          room_7, room_8, room_9, room_10, room_11, room_12, room_13, room_14,
          room_15, room_16, room_17, room_18, room_19, room_20, room_21,
          room_22, room_23, room_24, room_25, room_26, room_27]

Skill      XL: |  1  2  3  4  5  6  7  8  9 10 |
---------------+-------------------------------+-----
Fighting       | 5 6 7 9 10 11 12 | 12.0
Axes           | 4 5 6 |  6.8
Polearms       | 3 4 5 6 8 10 13 14 | 14.2
Armour         | 5 6 7 9 10 11 13 | 13.4
Shields        | 5 7 8 10 11 12 14 17 18 | 18.0
Evocations     | 1 2 3 4 |  4.0
Dodging        | 1 |  1.3

Action                   |  1- 3 |  4- 6 |  7- 9 | 10-12 || total
-------------------------+-------+-------+-------+-------++-------
Melee: Lance             |     4 |    15 |    63 |    27 ||   109
       Headbutt          |       |     2 |     5 |     5 ||    12
Invok: Berserk           |       |       |     1 |     1 ||     2
       Trog's Hand       |       |       |       |     1 ||     1
Evoke: Lightning rod     |       |     2 |     5 |     3 ||    10
       Piece from Xom's  |       |       |     1 |       ||     1
  Use: Potion            |     1 |       |     1 |       ||     2
Armor: Plate armour      |     3 |     2 |    14 |    22 ||    41
Dodge: Dodged            |       |       |     1 |     3 ||     4
Block: Kite shield       |     6 |    20 |    78 |    59 ||   163

Table legend: (Time is in decaauts)
 A = Elapsed time spent in this place.
 B = Non-inter-level travel time spent in this place.
 C = Inter-level travel time spent in this place.
 D = Time resting spent in this place.
 E = Time spent auto-exploring this place.
 F = Levels seen in this place.
 G = Mean time per level.
                   A        B        C        D        E       F      G
               +--------+--------+--------+--------+--------+-----+--------+
         Total |    896 |    896 |      0 |    622 |      0 |   1 |  896.0 |
       Dungeon |    896 |    896 |      0 |    622 |      0 |   1 |  896.0 |
               +--------+--------+--------+--------+--------+-----+--------+

Top non-repeatable levels by time:
       D: 896 daAuts
